 Dungeon Crawl Stone Soup version 0.26.1-11-gd32895ea62 (webtiles) character file.

Game seed: 11982680455029315793

8431 Gerhazo the Destroyer (level 11, -3/83 HPs)
             Began as a Pale Draconian Conjurer on June 5, 2021.
             Was a Priest of Vehumet.
             Slain by an unseen horror (7 damage)
             ... on level 9 of the Dungeon.
             The game lasted 00:20:17 (12038 turns).

Gerhazo the Destroyer (Pale Draconian Conjurer)    Turns: 12038, Time: 00:20:18

Health: -3/83      AC: 10    Str:  5    XL:     11   Next: 9%
Magic:  5/22       EV: 13    Int: 18    God:    Vehumet [***...]
Gold:   457        SH:  0    Dex: 10    Spells: 13/24 levels left

rFire    . . .     SeeInvis .   g - +0 spear (curse)
rCold    . . .     Faith    .   (no shield)
rNeg     . . .     Spirit   .   (armour unavailable)
rPois    .         Reflect  .   F - +0 hat
rElec    .         Harm     .   (no cloak)
rCorr    .         Rampage  .   (no gloves)
Will     .....                  z - +2 pair of boots
Stlth    ++........             r - amulet of magic regeneration
HPRegen  0.23/turn              A - -4 ring of strength (curse)
MPRegen  0.43/turn              s - -4 ring of intelligence (curse)

@: very slightly contaminated
A: breathe steam, unfitting armour, cold-blooded, AC +7
a: Breathe Steam, Renounce Religion


You were on level 9 of the Dungeon.
You worshipped Vehumet.
Vehumet was most pleased with you.
You visited 2 branches of the dungeon, and saw 10 of its levels.
You also visited: Sewer.

You collected 457 gold pieces.

Inventory:

Hand Weapons
 g - a cursed +0 spear (weapon)
 y - the cursed +3 spear "Fiafethroiw" {flame, rElec Will+ MP+9 Str+3, unknown}
   (You found it on level 7 of the Dungeon)

   It has been specially enchanted to burn those struck by it, causing extra
   injury to most foes and up to half again as much damage against particularly
   susceptible opponents.
   It affects your strength (+3).
   It insulates you from electricity.
   It affects your willpower, your defense against some magical effects.
   It affects your magic capacity (+9).
   It has a curse placed upon it.
Missiles
 c - 68 poisoned darts
Armour
 z - a +2 pair of boots (worn)
 F - a +0 hat (worn)
Magical Staves
 v - an uncursed staff of cold
Jewellery
 f - an uncursed ring of ice
 q - an uncursed ring of wizardry
 r - an amulet of magic regeneration (around neck)
 s - a cursed -4 ring of intelligence (right hand)
 A - a cursed -4 ring of strength (left hand)
 C - an uncursed ring of poison resistance {unknown}
 D - the ring "Goor" {rC+ Int+6 Dex+5 Slay+2, unknown}
   (You found it on level 7 of the Dungeon)

   [ring of intelligence]

   It affects your intelligence (+6).
   It affects your dexterity (+5).
   It affects your accuracy and damage with ranged weapons and melee attacks
   (+2).
   It protects you from cold.
Wands
 x - a wand of paralysis (8)
 B - a wand of iceblast (5)
 H - a wand of flame (11)
Scrolls
 d - 5 scrolls of teleportation
 e - a scroll of enchant armour {unknown}
 h - 4 scrolls of magic mapping
 l - 2 scrolls of fear
 m - 3 scrolls of noise
 o - a scroll of brand weapon
 u - 3 scrolls of random uselessness
 w - a scroll of acquirement
 G - a scroll of summoning {unknown}
Potions
 b - 3 potions of attraction {unknown}
 i - a potion of heal wounds {unknown}
 j - a potion of might {unknown}
 k - 2 potions of brilliance {unknown}
 n - 10 potions of curing {unknown}
 p - a potion of ambrosia {unknown}
 t - a potion of lignification {unknown}
Miscellaneous
 E - a tin of tremorstones (2/2)


   Skills:
 + Level 3.9 Fighting
 + Level 4.0 Dodging
 - Level 1.7 Stealth
 + Level 7.4 Spellcasting
 * Level 11.6 Conjurations
 * Level 10.0 Fire Magic


You had 13 spell levels left.
You knew the following spells:

 Your Spells              Type           Power        Failure   Level
a - Magic Dart            Conj           100%         1%          1
b - Searing Ray           Conj           96%          1%          2
c - Fulminant Prism       Conj/Hex       13%          2%          4
d - Iskenderun's Mystic   Conj/Tloc      27%          2%          4

Your spell library contained the following spells:

 Spells                   Type           Power        Failure   Level
 Conjure Flame            Conj/Fire      45%          1%          3
 Dazzling Flash           Conj/Hex       54%          1%          3
 Corona                   Hex            6%           11%         1
 Ensorcelled Hibernation  Hex/Ice        12%          16%         2
 Gell's Gravitas          Tloc           3%           30%         3
 Portal Projectile        Hex/Tloc       12%          30%         3
 Conjure Ball Lightning   Conj/Air       13%          34%         6
 Summon Lightning Spire   Summ/Air       6%           71%         4
 Borgnjor's Vile Clutch   Necr/Erth      3%           96%         5
 Silence                  Hex/Air        3%           96%         5
 Dispersal                Tloc           3%           100%        6
 Shadow Creatures         Summ           N/A          100%        6
 Disjunction              Tloc           3%           100%        8
 Tornado                  Air            3%           100%        9


Dungeon Overview and Level Annotations

Branches:
Dungeon (9/15)             Temple (1/1) D:6           Sewer (visited)
   Lair: D:8-11         Orc: D:9-12

Altars:
Ashenzari
Cheibriados
Dithmenos
Elyvilon
Fedhas
Gozag
Hepliaklqana
Kikubaaqudgha
Makhleb
Nemelex Xobeh
Okawaru
Qazlal
Ru
Sif Muna
Trog
Uskayaw
Vehumet
Wu Jian
Xom
Yredelemnul
Zin
The Shining One

Shops:
D:7 ?   D:8 *

Annotations:
D:7 2 runed translucent doors


Innate Abilities, Weirdness & Mutations

You can breathe blasts of scalding, opaque steam.
Your pale cyan-grey scales are hard. (AC +7)
You cannot fit into any form of body armour.
You are cold-blooded and may be slowed by cold attacks.


Message History

Unknown command.
Unknown command.
Casting: Iskenderun's Mystic Blast (dangerous; 2% risk of failure)
Confirm with . or Enter, or press ? or * to list all spells.
You erupt in a blast of force!
The mystic blast hits something.
Something hits you.
* * * LOW HITPOINT WARNING * * *
Unknown command.
Something hits you.
* * * LOW HITPOINT WARNING * * *
Something hits you.
* * * LOW HITPOINT WARNING * * *
Okay, then.
Okay, then.
Blink to where?
Press: ? - help, Dir - move target
As you read the scroll of blinking, it crumbles to dust.
An orc warrior comes into view. It is wielding a +0 long sword.
Something hits you!
You die...

.......................#
..)....§...........#..##
......$...........#####
.............#....###
#>................>.#
#...#..#.†..#.o....##
...##.###...#.....##
#.....#..[.).......##
..##.###..)##...@...# ..
#.....)####.......# #
##....).#.#..<#....#
#..#.............#..###
....[....)......## ...
...##...).....#.# .###
.. #..##.....### # .
.....##.....#
....#..##.....#


You could see an orc warrior.

Vanquished Creatures
  Gastronok (D:8)
  A boulder beetle (D:7)
  2 two-headed ogres
  Pikel (D:6)
  Psyche (D:8)
  Maggie (D:7)
  An ice beast (D:8)
  A necrophage (D:9)
  An orc warrior (D:9)
  A sky beast (D:5)
  A black bear (D:7)
  5 phantoms
  8 ogres
  2 centaurs (D:7)
  4 lemures (D:6)
  6 big kobolds (Sewer)
  3 bullfrogs
  A gnoll sergeant (D:8)
  4 scorpions
  3 killer bees (D:8)
  2 howler monkeys (D:8)
  A bullfrog zombie (D:5)
  A quasit (D:3)
  3 jellies
  4 hounds
  7 orc wizards
  3 orc priests
  2 bullfrog skeletons
  Jessica (D:2)
  4 iguanas
  3 worker ants
  A hound zombie (D:8)
  A hound skeleton (D:4)
  A worker ant zombie (D:7)
  A howler monkey skeleton (D:8)
  8 adders
  5 gnolls (D:8)
  A shadow imp (D:7)
  6 white imps
  An ufetubus (D:5)
  5 oozes (Sewer)
  2 adder skeletons
  10 worms
  A dart slug (D:1)
  4 leopard geckos
  23 orcs
  5 giant cockroaches
  5 goblins
  5 hobgoblins
  14 jackals
  9 kobolds
  6 quokkas
  7 ball pythons
  9 bats
  7 frilled lizards
  7 rats
223 creatures vanquished.

Vanquished Creatures (others)
  A quokka (D:4)
  7 fulminant prisms (D:7)
8 creatures vanquished.

Grand Total: 231 creatures vanquished

Notes
Turn   | Place    | Note
-------+----------+-------------------------------------------
     0 | D:1      | Gerhazo the Draconian Conjurer began the quest for the Orb.
     0 | D:1      | Reached XP level 1. HP: 14/14 MP: 3/3
   291 | D:1      | Reached XP level 2. HP: 20/20 MP: 1/5
  1502 | D:2      | Noticed Jessica
  1506 | D:2      | Killed Jessica
  1507 | D:2      | Reached skill level 5 in Conjurations
  1507 | D:2      | Reached XP level 3. HP: 26/26 MP: 1/6
  1510 | D:2      | Learned a level 2 spell: Searing Ray
  1867 | D:4      | Found a sacrificial altar of Ru.
  1883 | D:4      | Noticed a phantom
  1942 | D:4      | Killed a phantom
  1943 | D:4      | Reached XP level 4. HP: 13/33 MP: 1/8
  1943 | D:4      | Reached XP level 5. HP: 16/38 MP: 1/9
  1995 | D:4      | Noticed a phantom
  2016 | D:4      | Noticed an ogre
  2019 | D:4      | Killed an ogre
  2020 | D:4      | Reached skill level 6 in Conjurations
  2065 | D:4      | Noticed a phantom
  2094 | D:4      | Killed a phantom
  2095 | D:4      | Reached XP level 6. HP: 25/45 MP: 1/11
  2126 | D:4      | Found a white marble altar of Elyvilon.
  2135 | D:4      | Found a glowing drain.
  2146 | Sewer    | Entered a sewer
  2378 | Sewer    | Reached skill level 7 in Conjurations
  2793 | Sewer    | Your scales start taking on a pale cyan-grey colour.
  2793 | Sewer    | Reached XP level 7. HP: 47/50 MP: 3/13
  2878 | Sewer    | Reached skill level 1 in Fire Magic
  3562 | D:4      | Reached skill level 8 in Conjurations
  3950 | D:4      | Reached XP level 8. HP: 46/57 MP: 9/15
  4084 | D:4      | Reached skill level 5 in Spellcasting
  4184 | D:5      | Entered Level 5 of the Dungeon
  4297 | D:5      | Noticed a +0 dagger
  4297 | D:5      | Noticed a +0 hand axe
  4303 | D:5      | Found a hide-covered altar of Uskayaw.
  4916 | D:5      | Reached skill level 9 in Conjurations
  4916 | D:5      | Reached skill level 5 in Fire Magic
  5226 | D:6      | Noticed Pikel
  5268 | D:6      | Killed Pikel
  5269 | D:6      | Reached XP level 9. HP: 56/62 MP: 10/17
  5409 | D:6      | Found a radiant altar of Vehumet.
  5417 | D:6      | Became a worshipper of Vehumet
  5420 | D:6      | Found an ancient bone altar of Kikubaaqudgha.
  5421 | D:6      | Found a shimmering blue altar of Sif Muna.
  6097 | D:2      | Found a faded altar of an unknown god.
  6814 | D:3      | Found a glowing golden altar of the Shining One.
  6991 | D:6      | Reached * piety under Vehumet
  6991 | D:6      | Offered knowledge of Foxfire by Vehumet.
  7437 | D:6      | Found a staircase to the Ecumenical Temple.
  7466 | Temple   | Entered the Ecumenical Temple
  7781 | D:6      | Identified Sif Muna's Collected Works on Beguiling
  7927 | D:7      | Reached skill level 10 in Conjurations
  7947 | D:7      | Learned a level 4 spell: Fulminant Prism
  8123 | D:7      | Found a large runed translucent door.
  8123 | D:7      | Found a large runed translucent door.
  8137 | D:7      | Found a large runed translucent door.
  8137 | D:7      | Found a large runed translucent door.
  8145 | D:7      | Got a smoking spear
  8378 | D:7      | Offered knowledge of Shock by Vehumet.
  8383 | D:7      | Reached ** piety under Vehumet
  8418 | D:7      | Found Kuavarimpe's Magic Scroll Shop.
  8488 | D:7      | Noticed Maggie
  8497 | D:7      | Killed Maggie
  8969 | D:7      | Noticed a two-headed ogre
  9292 | D:6      | Learned a level 4 spell: Iskenderun's Mystic Blast
  9468 | D:7      | Killed a two-headed ogre
  9469 | D:7      | Reached skill level 1 in Fighting
  9469 | D:7      | Reached XP level 10. HP: 72/72 MP: 12/20
  9516 | D:7      | Noticed a boulder beetle
 10168 | D:7      | Killed a boulder beetle
 10269 | D:7      | Got a heavily runed granite ring
 10501 | D:8      | Reached skill level 11 in Conjurations
 10602 | D:8      | Identified a scroll of acquirement
 10781 | D:8      | Found Kisutiqe's General Store.
 10817 | D:8      | Noticed Gastronok
 10991 | D:8      | Killed Gastronok
 11122 | D:8      | Offered knowledge of Conjure Flame by Vehumet.
 11141 | D:8      | Noticed Psyche
 11145 | D:8      | Killed Psyche
 11265 | D:8      | Found a snail-covered altar of Cheibriados.
 11366 | D:8      | Noticed a two-headed ogre
 11371 | D:8      | Killed a two-headed ogre
 11372 | D:8      | Reached XP level 11. HP: 70/83 MP: 20/22
 11826 | D:9      | Reached skill level 10 in Fire Magic
 11970 | D:9      | Reached *** piety under Vehumet
 12035 | D:9      | HP: 3/83 [something (3)]
 12038 | D:9      | Slain by an unseen horror

Illustrated notes

Levels and vault maps discovered:
D:1:      lightli_arrival_lavapool, layout_basic
D:2:      layout_basic, chequers_ecumenical_altar_simple_redux,
          hangedman_glass_teeth, uniq_jessica
D:3:      layout_basic, tso_altar, st_stairs_14, small_statue_intersection,
          minivault_27
D:4:      layout_rooms, lemuel_round_altar, cheibrodos_sewer_entry_sluice,
          elyvilon_altar_4
D:5:      layout_loops_ring, dancing_weapons_uskayaw
D:6:      layout_cave_pods, grunt_temple_overflow_magic_moments,
          minmay_temple_entry_proselytizer, uniq_pikel
D:7:      layout_loops_cross, serial_shops, kennysheep_mini,
          minmay_hollow_rounded_squares, uniq_maggie
D:8:      layout_loops_ring, kennysheep_little_box, serial_shops,
          nicolae_shop_crystal, uniq_gastronok, uniq_psyche
D:9:      layout_cave_pools, dpeg_lair_monsters, orc_david_3
Temple:   nicolae_temple_no_exploring_needed

Skill      XL: |  1  2  3  4  5  6  7  8  9 10 11 |
---------------+----------------------------------+-----
Conjurations   | 5 6 7 8 9 10 11 | 11.6
Spellcasting   | 3 4 5 6 7 |  7.4
Fire Magic     | 3 6 8 9 10 | 10.0
Fighting       | 1 3 |  3.9
Dodging        | 2 3 4 |  4.0
Stealth        | |  1.7

Action                   |  1- 3 |  4- 6 |  7- 9 | 10-12 || total
-------------------------+-------+-------+-------+-------++-------
Melee: Unarmed           |     1 |       |       |       ||     1
       Dagger            |    12 |       |       |       ||    12
       Spear             |    22 |    10 |     8 |       ||    40
       Tailslap          |     1 |       |     1 |       ||     2
Throw: Dart              |       |       |       |    21 ||    21
 Cast: Magic Dart        |    41 |       |       |     1 ||    42
       Searing Ray       |     6 |    18 |   125 |    46 ||   195
       Fulminant Prism   |       |       |     2 |     5 ||     7
       Iskenderun's Myst |       |       |       |    11 ||    11
 Abil: Breathe Steam     |       |       |     9 |     7 ||    16
  Use: Scroll            |       |       |     5 |     4 ||     9
Armor: Skin              |    37 |    14 |    34 |    16 ||   101
Dodge: Dodged            |    59 |    24 |    69 |    29 ||   181
